AoeStats
← Enlightened

Black Forest

510290676Analyzed
2v2 RM · 14h ago on Sep 30, 2026· 32m 4s· 4 players
Game mode
Random Map
Map size
Medium (4 player)
Population
200
Speed
Normal
Resources
Standard
Victory
Conquest
Starting age
Dark Age
Ending age
Imperial Age
RankedLock teamsTeams togetherTeam positionsShared explorationLock speedFull tech treeHidden civsTurbo modeCheats
Victory
Defeat
🇪🇪 Bohemians · Estonia
1278
+15
🇮🇳 Japanese · India
1272
+15
🇪🇸 Britons · Spain
1305
-16
🇮🇹 Japanese · Italy
1217
-14
Nico
1:04 Loom
11:38 Feudal Age
15:15 Castle Age
13:22 Double-Bit Axe
19:22 Fervor
21:58 Wheelbarrow
21:12 Town Watch
22:54 Hand Cart
22:48 Horse Collar
23:26 Bow Saw
27:08 Imperial Age
25:19 Scale Mail Armor
25:29 Forging
27:50 Chemistry
26:21 Pikeman
27:01 Squires
26:47 Arson
27:18 Chain Mail Armor
29:51 Houfnice
chanakya
0:57 Loom
16:22 Feudal Age
16:37 Man-at-Arms
24:44 Fletching
25:29 Double-Bit Axe
25:27 Horse Collar
30:40 Castle Age
30:49 Padded Archer Armor
30:48 Crossbowman
31:43 Bodkin Arrow
32:59 Wheelbarrow
davidents
0:32 Loom
11:48 Feudal Age
14:10 Horse Collar
21:39 Castle Age
21:01 Scale Mail Armor
21:11 Forging
20:48 Man-at-Arms
21:14 Arson
26:37 Double-Bit Axe
28:46 Chain Mail Armor
29:07 Iron Casting
Enlightened
5:19 Loom
13:59 Feudal Age
14:24 Double-Bit Axe
15:45 Fishing Lines
16:18 Horse Collar
Connection lost

Rejoining the realm…

Still unreachable

The connection could not be restored.

Session expired

The server has moved on; the page needs a fresh start.